 Dungeon Crawl Stone Soup version 0.29-a0-757-g358383bc75 (webtiles) character file.

Game seed: 17514991220393442525

20651 matt the Carver (level 12, -2/115 HPs)
             Began as a Minotaur Fighter on June 30, 2022.
             Was a Believer of Makhleb.
             Slain by a boulder beetle (45 damage)
             ... on level 3 of the Lair of Beasts.
             The game lasted 03:29:42 (20643 turns).

matt the Carver (Minotaur Fighter)                 Turns: 20643, Time: 03:29:42

Health: -2/115     AC: 20    Str: 32    XL:     12   Next: 47%
Magic:  11/11      EV: 11    Int:  5    God:    Makhleb [**....]
Gold:   895        SH: 13    Dex:  8    Spells: 11/11 levels left

rFire   . . .      SeeInvis .   H - +6 long sword
rCold   . . .      Faith    .   f - +3 kite shield
rNeg    . . .      Spirit   .   S - +1 plate armour
rPois   .          Reflect  .   (helmet restricted)
rElec   .          Harm     .   g - +0 cloak
rCorr   .          Rampage  .   e - +0 pair of gloves
Will    .....      Clarity  +   U - +0 pair of boots
Stlth   ..........              (no amulet)
HPRegen 0.29/turn               q - +6 ring of strength
MPRegen 0.12/turn               n - +4 ring of evasion

@: hasted, very quick
A: horns 2, retaliatory headbutt, clarity, clumsy 1
a: Renounce Religion, Minor Destruction


You were on level 3 of the Lair of Beasts.
You worshipped Makhleb.
Makhleb was pleased with you.
You visited 3 branches of the dungeon, and saw 15 of its levels.

You collected 895 gold pieces.

Inventory:

Hand Weapons
 k - a +3 long sword
 l - a +3 halberd
 x - a +2 whip of electrocution
 G - a +5 great sword of freezing
 H - a +6 long sword (weapon)
 J - the +6 mace of the Vine {vorpal, *Rage rF+ Will+ rCorr SInv}
   (You found it on level 1 of the Lair of Beasts)

   It inflicts extra damage upon your enemies.
   rF:        It protects you from fire.
   SInv:      It lets you see invisible.
   *Rage:     It berserks you when you make melee attacks (+20% chance).
   rCorr:     It protects you from acid and corrosion.
   Will:      It increases your willpower.
 P - a -1 demon whip of venom
 X - a +5 halberd
 Y - a +3 dagger
 Z - a +5 spear
Missiles
 j - 95 stones
 w - 17 boomerangs
 F - 7 boomerangs of dispersal
 K - 8 javelins
 O - 7 poisoned darts (quivered)
Armour
 e - a +0 pair of gloves (worn)
 f - a +3 kite shield (worn)
 g - a +0 cloak (worn)
 p - the +4 ring mail of Space {rElec}
   (You found it on level 2 of the Dungeon)

   rElec:     It insulates you from electricity.
 B - a scarf of invisibility
 S - a +1 plate armour (worn)
 U - a +0 pair of boots (worn)
Jewellery
 c - a ring of ice
 i - a ring of resist corrosion
 n - a +4 ring of evasion (right hand)
 q - a +6 ring of strength (left hand)
 Q - a +6 ring of strength
 R - a ring of positive energy
 T - a ring of fire
Wands
 b - a wand of mindburst (15)
 r - a wand of paralysis (4)
 z - a wand of polymorph (11)
 C - a wand of flame (17)
 L - a wand of iceblast (8)
Scrolls
 d - a scroll of poison
 h - 3 scrolls of fog
 s - a scroll of fear
 v - 3 scrolls of magic mapping {unknown}
 y - a scroll of teleportation
 E - 2 scrolls of immolation
 M - a scroll of blinking {unknown}
 N - 2 scrolls of noise {unknown}
Potions
 m - a potion of resistance
 o - 3 potions of flight
 t - 2 potions of invisibility {unknown}
 u - 4 potions of curing
 I - 4 potions of degeneration
 V - 5 potions of might
Miscellaneous
 a - a tin of tremorstones (inert)
 A - a phial of floods
 D - a lightning rod (1/4)


   Skills:
 + Level 13.3 Fighting
 * Level 13.5 Long Blades
 - Level 6.1 Axes
 - Level 4.1 Throwing
 + Level 11.1 Armour
 + Level 11.1 Shields


You had 11 spell levels left.
You didn't know any spells.
Your spell library contained the following spells:

 Spells                   Type           Power      Damage    Failure   Level
 Apportation              Tloc           0%         N/A       100%        1
 Necrotize                Necr           0%         1d4       100%        1
 Sandblast                Erth           0%         2d4       100%        1
 Summon Small Mammal      Summ           0%         N/A       100%        1
 Blink                    Tloc           0%         N/A       100%        2
 Passwall                 Tmut/Erth      0%         N/A       100%        2
 Frozen Ramparts          Ice            0%         1d2       100%        3
 Ignite Poison            Fire/Tmut/Pois 0%         N/A       100%        3
 Mephitic Cloud           Conj/Pois/Air  0%         N/A       100%        3
 Portal Projectile        Hex/Tloc       0%         N/A       100%        3
 Stone Arrow              Conj/Erth      0%         3d7       100%        3
 Tukima's Dance           Hex            0%         N/A       100%        3
 Blade Hands              Tmut           0%         N/A       100%        5
 Freezing Cloud           Conj/Ice/Air   0%         6-21      100%        5
 Manifold Assault         Tloc           0%         N/A       100%        5
 Ozocubu's Refrigeration  Ice            0%         4d5       100%        7
 Storm Form               Tmut/Air       0%         N/A       100%        7
 Necromutation            Tmut/Necr      0%         N/A       100%        8


Dungeon Overview and Level Annotations

Branches:
Dungeon (11/15)            Temple (1/1) D:6            Lair (3/6) D:9
  Swamp: Lair:2-4    Shoals: Lair:2-4     Snake: Lair:2-4    Spider: Lair:2-4
    Orc: D:9-12

Altars:
Ashenzari
Cheibriados
Dithmenos
Elyvilon
Fedhas
Gozag
Hepliaklqana
Kikubaaqudgha
Makhleb
Nemelex Xobeh
Okawaru
Qazlal
Ru
Sif Muna
Trog
Uskayaw
Vehumet
Wu Jian
Xom
Yredelemnul
Zin
The Shining One

Shops:
D:1 :   D:9 :

Annotations:
D:8 Gastronok
D:9 Hydra, TheLair
D:11 1 runed translucent door, Azuvok's ghost, journeyman HOFi
Lair:1 2 transporters, 2 runed translucent doors, Puphybur's ghost, journeyman DrTm


Innate Abilities, Weirdness & Mutations

You have a pair of horns on your head.
You reflexively headbutt those who attack you in melee.
You possess an exceptional clarity of mind.
You are clumsy. (Dex -2)


Message History

You hit the boulder beetle but do no damage.
You headbutt the boulder beetle, but do no damage.
The boulder beetle is moderately wounded.
The boulder beetle bites you!
You hit the boulder beetle. You headbutt the boulder beetle.
The boulder beetle is moderately wounded.
You block the boulder beetle's attack.
You slash the boulder beetle!
The boulder beetle is heavily wounded.
You hit the boulder beetle but do no damage.
The boulder beetle is heavily wounded.
You block the boulder beetle's attack.
You hit the boulder beetle but do no damage.
You headbutt the boulder beetle, but do no damage.
The boulder beetle is heavily wounded.
You block the boulder beetle's attack.
You hit the boulder beetle but do no damage.
The boulder beetle is heavily wounded.
The boulder beetle bites you!
You hit the boulder beetle.
The boulder beetle is heavily wounded.
You block the boulder beetle's attack.
You hit the boulder beetle but do no damage.
The boulder beetle is heavily wounded.
The boulder beetle bites you!!
You hit the boulder beetle but do no damage.
The boulder beetle is heavily wounded.
You block the boulder beetle's attack.
You feel yourself speed up.
The boulder beetle bites you but does no damage.
The boulder beetle curls into a ball and begins rolling!
The tremorstone explodes into fragments!
The burst of rock shards engulfs the boulder beetle but does no damage.
The burst of rock shards engulfs you but does no damage.
You hear a trumpeting! x3
The tremorstone explodes into fragments!
The tin is emptied!
You hear a loud, deep croak!
You hear a trumpeting!
The boulder beetle hits you!!!
You die...

#......P##.P.#.
#.†.....$......
##.†...........
#P..?...B......
##....°○...<...
#...°###.####.
##...°# ##
#....B##
#....@.#
##....##
#....###
#......#
#....###
##....###
#.....#P#
##......#
#.....###


You could see a boulder beetle (rolling).

Vanquished Creatures
  4 two-headed ogres
  A centaur warrior (D:9)
  A tengu warrior (D:9)
  Amaemon (Lair:2)
  Pikel (D:5)
  A deep elf pyromancer (D:9)
  2 cyclopes
  2 black mambas (Lair:2)
  An orange demon (Lair:2)
  A gargoyle (D:9)
  Maggie (D:6)
  An unseen horror (D:10)
  2 cane toads
  A rime drake (Lair:1)
  A yaktaur (D:9)
  A troll (D:11)
  A hornet (D:8)
  Grinder (D:6)
  A slime creature (D:9)
  8 blink frogs
  A shadow (D:11)
  A wraith (D:9)
  A vampire (D:11)
  30 yaks
  A steam dragon (D:10)
  3 basilisks
  Edmund (D:6)
  4 water moccasins
  Duvessa (D:4)
  6 orc warriors
  3 ice beasts (D:5)
  An ogre (D:4)
  A centaur (D:5)
  A lemure (D:5)
  A phantom (D:5)
  2 kobold brigands
  5 bullfrogs
  A necrophage (D:7)
  2 gnoll sergeants
  2 scorpions
  14 wights
  Dowan (D:4)
  6 killer bees (D:9)
  A howler monkey (D:6)
  6 hounds
  2 jellies
  6 orc priests
  Jessica (D:3)
  2 iguanas (D:7)
  11 orc wizards
  12 gnolls
  7 adders
  A shadow imp (D:5)
  2 white imps (D:5)
  An ufetubus (D:6)
  A worm (D:7)
  A dart slug (D:1)
  35 orcs
  10 ball pythons
  6 endoplasms
  2 giant cockroaches (D:4)
  4 goblins
  4 hobgoblins
  3 quokkas
  A bat (D:1)
  4 frilled lizards
  16 kobolds
  2 rats
263 creatures vanquished.

Vanquished Creatures (others)
  An orc wizard (D:8)
  10 fungi
  11 plants
22 creatures vanquished.

Grand Total: 285 creatures vanquished

Notes
Turn   | Place    | Note
-------+----------+-------------------------------------------
     0 | D:1      | matt the Minotaur Fighter began the quest for the Orb.
     0 | D:1      | Reached XP level 1. HP: 19/19 MP: 0/0
   263 | D:1      | Found Soh Nul's Book Shop.
   365 | D:1      | Reached XP level 2. HP: 26/27 MP: 1/1
  1443 | D:2      | Reached XP level 3. HP: 31/33 MP: 2/2
  1449 | D:2      | Found a white marble altar of Elyvilon.
  1564 | D:2      | Identified the +4 ring mail of Space {rElec}
  2666 | D:3      | Found a shimmering altar of Xom.
  2923 | D:3      | Noticed Jessica
  2928 | D:3      | Killed Jessica
  2929 | D:3      | Reached XP level 4. HP: 36/41 MP: 3/3
  3073 | D:4      | Noticed Dowan
  3076 | D:4      | Noticed Duvessa
  3098 | D:4      | Killed Duvessa
  3099 | D:4      | Reached skill level 5 in Fighting
  3099 | D:4      | Reached XP level 5. HP: 10/48 MP: 4/4
  3109 | D:4      | Gained mutation: You are clumsy. (Dex -2) [potion of
                  | mutation]
  3109 | D:4      | Gained mutation: You possess an exceptional clarity of
                  | mind. [potion of mutation]
  3388 | D:4      | Noticed an ogre
  3399 | D:4      | Killed an ogre
  3400 | D:4      | Reached XP level 6. HP: 48/56 MP: 5/5
  3489 | D:4      | You fall into a shaft and drop 3 floors!
  3489 | D:7      | Found an opulent altar of Gozag.
  3494 | D:7      | Found a basalt altar of Yredelemnul.
  3559 | D:7      | Reached skill level 5 in Axes
  3648 | D:7      | Noticed an orc warrior
  3665 | D:7      | Killed an orc warrior
  3666 | D:7      | Reached skill level 5 in Armour
  3666 | D:7      | Reached skill level 5 in Shields
  3918 | D:7      | Reached XP level 7. HP: 53/63 MP: 6/6
  4034 | D:6      | Noticed Maggie
  4161 | D:6      | Reached skill level 1 in Long Blades
  4367 | D:6      | Killed Maggie
  4368 | D:6      | Reached XP level 8. HP: 40/74 MP: 7/7
  4599 | D:5      | Entered Level 5 of the Dungeon
  4614 | D:5      | Found a stormy altar of Qazlal.
  5047 | D:5      | Noticed Pikel
  5057 | D:5      | Killed Pikel
  5058 | D:5      | Reached skill level 5 in Long Blades
  5058 | D:5      | Reached XP level 9. HP: 75/83 MP: 8/8
  5299 | D:5      | Found a sacrificial altar of Ru.
  5734 | D:4      | Found an ornate altar of the Wu Jian Council.
  5751 | D:4      | Found a radiant altar of Vehumet.
  5918 | D:4      | Killed Dowan
  5937 | D:4      | Found a bloodstained altar of Trog.
  6114 | D:6      | Found the +5 robe of Night {Dark Will+ SInv}
  6192 | D:6      | Noticed Edmund
  6205 | D:6      | Killed Edmund
  6216 | D:6      | Noticed Grinder
  6253 | D:6      | Paralysed by Grinder for 5 turns
  6259 | D:6      | Killed Grinder
  6367 | D:6      | Found a glowing golden altar of the Shining One.
  6591 | D:6      | Reached skill level 10 in Fighting
  6638 | D:6      | Found a staircase to the Ecumenical Temple.
  6648 | Temple   | Entered the Ecumenical Temple
  6657 | Temple   | Became a worshipper of Makhleb the Destroyer
  6884 | D:6      | Found an ancient bone altar of Kikubaaqudgha.
  6984 | D:7      | Found a hide-covered altar of Uskayaw.
  7288 | D:7      | Found a snail-covered altar of Cheibriados.
  7642 | D:8      | Paralysed by a hornet for 2 turns
  7645 | D:8      | Paralysed by a hornet for 2 turns
  7853 | D:8      | Noticed a cyclops
  8213 | D:8      | Killed a cyclops
  8214 | D:8      | Reached XP level 10. HP: 50/94 MP: 9/9
  8926 | D:8      | Reached * piety under Makhleb
  9201 | D:8      | Found a white marble altar of Elyvilon.
  9468 | D:8      | Noticed a two-headed ogre
  9469 | D:8      | Noticed Gastronok
  9493 | D:8      | HP: 1/95 [Gastronok/the air (28)]
  9997 | D:8      | Killed a two-headed ogre
 11602 | D:9      | Noticed a deep elf pyromancer
 11609 | D:9      | Killed a deep elf pyromancer
 11610 | D:9      | Reached skill level 1 in Throwing
 11839 | D:9      | Noticed a gargoyle
 11844 | D:9      | Killed a gargoyle
 11852 | D:9      | Noticed a centaur warrior
 11866 | D:9      | Killed a centaur warrior
 12032 | D:9      | Noticed a boulder beetle
 12058 | D:9      | Got the Grimoire of the Snowflakes and Evil
 12187 | D:9      | Noticed a tengu warrior
 12207 | D:9      | Killed a tengu warrior
 12208 | D:9      | Reached skill level 10 in Long Blades
 12547 | D:9      | Noticed a six-headed hydra
 12586 | D:9      | Reached XP level 11. HP: 97/104 MP: 10/10
 13021 | D:9      | Found Bagelats's Book Boutique.
 13444 | D:9      | Found a staircase to the Lair.
 13747 | D:10     | Entered Level 10 of the Dungeon
 13982 | D:10     | Noticed a two-headed ogre
 14247 | D:9      | Killed a two-headed ogre
 15405 | D:11     | Noticed a two-headed ogre
 15434 | D:11     | Killed a two-headed ogre
 16299 | D:11     | Noticed a two-headed ogre
 16310 | D:11     | Killed a two-headed ogre
 16311 | D:11     | Reached skill level 10 in Armour
 16311 | D:11     | Reached skill level 10 in Shields
 16342 | D:11     | Found a runed translucent door.
 16347 | D:11     | Noticed Azuvok's ghost (journeyman HOFi)
 16828 | Lair:1   | Entered Level 1 of the Lair of Beasts
 17451 | Lair:1   | Identified the +6 mace of the Vine {vorpal, *Rage rF+ Will+
                  | rCorr SInv}
 17697 | Lair:1   | Reached ** piety under Makhleb
 17711 | Lair:1   | Reached XP level 12. HP: 111/113 MP: 11/11
 18043 | Lair:1   | Found a transporter.
 18104 | Lair:1   | Found a transporter.
 18232 | Lair:1   | Found a large runed translucent door.
 18232 | Lair:1   | Found a large runed translucent door.
 18244 | Lair:1   | Noticed Puphybur's ghost (journeyman DrTm)
 19537 | Lair:2   | Noticed Amaemon
 19606 | Lair:2   | Killed Amaemon
 20615 | Lair:3   | Noticed a boulder beetle
 20643 | Lair:3   | Slain by a boulder beetle

Illustrated notes

Levels and vault maps discovered:
D:1:      psy_arrival_conway, layout_basic, serial_shops, shop
D:2:      layout_basic, serial_curves, eino_curves_02, eino_curves_03,
          basic_altar
D:3:      layout_loops_ring, mainiacjoe_overflow_chevrons, uniq_jessica
D:4:      layout_gridville, lemuel_doored_altar, lemuel_crystal_altar,
          mainiacjoe_overflow_tiny_flanked, uniq_duvessa
D:5:      layout_rooms, kennysheep_little_box, nicolae_qazlal_general_emergency,
          nicolae_titane, uniq_pikel
D:6:      layout_rooms, tso_metal_star, nicolae_kikubaaqudgha_miasma_corner,
          minmay_temple_entry_hall, uniq_maggie, uniq_grinder, uniq_edmund
D:7:      layout_loops_cross, mainiacjoe_overflow_catwalk_spiral,
          eat_drink_and_be_merry_uskayaw, slow_altar_1,
          minmay_unpleasant_kobolds
D:8:      layout_basic, mainiacjoe_overflow_small_starburst, uniq_gastronok
D:9:      layout_irregular_city, lair_entry_dummy, serial_shops, shop,
          minmay_evil_grid
D:10:     layout_rooms, st_stairs_11
D:11:     layout_loops_ring, ebering_ghost_reflecting_pool
Temple:   dpeg_three_leaves_temple
Lair:1:   gammafunk_cloud_chamber, layout_layer_cave,
          ebering_ghost_disaster_area, st_stairs_9
Lair:2:   layout_cellular_growth, uniq_amaemon
Lair:3:   layout_long_grid, infiniplex_staircase_pool, serial_bayou_shore_b

Skill      XL: |  1  2  3  4  5  6  7  8  9 10 11 12 |
---------------+-------------------------------------+-----
Fighting       | 4 5 6 7 9 10 11 12 13 | 13.3
Armour         | 4 5 6 7 9 10 11 | 11.1
Shields        | 4 5 6 7 9 10 11 | 11.1
Axes           | 3 4 5 6 |  6.1
Long Blades    | 3 5 8 10 12 13 | 13.5
Throwing       | 3 4 |  4.1

Action                   |  1- 3 |  4- 6 |  7- 9 | 10-12 || total
-------------------------+-------+-------+-------+-------++-------
Melee: War axe           |   139 |    57 |    21 |       ||   217
       Headbutt          |    28 |     9 |    37 |   164 ||   238
       Unarmed           |     1 |       |       |       ||     1
       Sling             |       |     9 |       |       ||     9
       Great sword       |       |       |    37 |       ||    37
       Long sword        |       |       |   181 |   720 ||   901
 Fire: Sling             |       |     3 |       |       ||     3
Throw: Stone             |       |     3 |     1 |       ||     4
       Dart              |       |     9 |    13 |    21 ||    43
       Boomerang         |       |       |    19 |    13 ||    32
       Throwing net      |       |       |       |     5 ||     5
       Javelin           |       |       |       |     4 ||     4
Invok: Minor Destruction |       |       |       |     1 ||     1
Evoke: Wand              |       |     7 |       |     2 ||     9
       Tin of tremorston |       |       |       |     3 ||     3
       Lightning rod     |       |       |       |     3 ||     3
  Use: Scroll            |       |     3 |     8 |     9 ||    20
       Potion            |       |     3 |     7 |     7 ||    17
 Stab: Paralysed         |       |     4 |       |       ||     4
Armor: Scale mail        |    11 |       |       |       ||    11
       Ring mail         |    18 |    31 |   145 |    33 ||   227
       Chain mail        |     2 |       |       |       ||     2
       Plate armour      |       |       |       |   384 ||   384
Dodge: Dodged            |    38 |    31 |   119 |   190 ||   378
Block: Buckler           |    18 |    21 |    43 |     7 ||    89
       Kite shield       |       |       |       |   468 ||   468

Table legend: (Time is in decaauts)
 A = Elapsed time spent in this place.
 B = Non-inter-level travel time spent in this place.
 C = Inter-level travel time spent in this place.
 D = Time resting spent in this place.
 E = Time spent auto-exploring this place.
 F = Levels seen in this place.
 G = Mean time per level.
                   A        B        C        D        E       F      G
               +--------+--------+--------+--------+--------+-----+--------+
         Total |  20822 |  20443 |    379 |   7006 |      0 |  15 | 1388.1 |
       Dungeon |  16929 |  16553 |    376 |   5959 |      0 |  11 | 1539.0 |
        Temple |     90 |     87 |      3 |      0 |      0 |   1 |   90.0 |
          Lair |   3802 |   3802 |      0 |   1047 |      0 |   3 | 1267.3 |
               +--------+--------+--------+--------+--------+-----+--------+

Top non-repeatable levels by time:
     D:9: 3283 daAuts
     D:7: 3246 daAuts
     D:8: 2376 daAuts
  Lair:1: 1690 daAuts
  Lair:2: 1623 daAuts
    D:11: 1363 daAuts
     D:1: 1325 daAuts
     D:5: 1059 daAuts
     D:2: 968 daAuts
     D:4: 896 daAuts
     D:6: 855 daAuts
     D:3: 840 daAuts
    D:10: 715 daAuts
  Lair:3: 488 daAuts
  Temple: 90 daAuts
